 Dungeon Crawl Stone Soup version 0.29.1-15-g9cfb28693d (webtiles) character file.

Game seed: 1971209406156480545

580 cdecastro the Shooter (level 7, -1/47 (52) HPs)
             Began as a Formicid Fighter on Apr 4, 2023.
             Slain by a wight
             ... wielding a +3 morningstar
              (3 damage)
             ... on level 4 of the Dungeon on Apr 5, 2023.
             The game lasted 00:09:02 (4114 turns).

cdecastro the Shooter (Formicid Fighter)            Turns: 4114, Time: 00:09:03

HP:   -1/47 (52)    AC: 10    Str: 22    XL:     7   Next: 63%
MP:   7/7           EV:  9    Int:  8    God:
Gold: 174           SH:  0    Dex: 13    Spells: 6/6 levels left

rFire   . . .      SeeInvis +   b - +0 sling
rCold   . . .      Faith    .   (no shield)
rNeg    . . .      Spirit   .   w - +0 scale mail
rPois   .          Reflect  .   (helmet unavailable)
rElec   .          Harm     .   (no cloak)
rCorr   .          Rampage  .   n - +2 pair of gloves
Will    +....                   (no boots)
Stlth   ..........              (no amulet)
HPRegen 0.15/turn               i - ring of willpower
MPRegen 0.10/turn               (no ring)

@: drained
A: permanent stasis, dig shafts and tunnels, antennae 3, four strong arms
a: Dig, Shaft Self


You were on level 4 of the Dungeon.
You visited 1 branch of the dungeon, and saw 6 of its levels.

You collected 174 gold pieces.

Inventory:

Hand Weapons
 a - a +0 trident
 b - a +0 sling (weapon)
Missiles
 l - 6 poisoned darts
 t - 3 curare-tipped darts
Armour
 c - a +0 buckler
 n - a +2 pair of gloves (worn)
 w - a +0 scale mail (worn)
Jewellery
 i - a ring of willpower (left hand)
 k - a +6 ring of dexterity
Scrolls
 e - 4 scrolls of identify {unknown}
 f - a scroll of amnesia {unknown}
 m - a scroll of vulnerability {unknown}
 o - a scroll of blinking {unknown}
 p - a scroll of summoning {unknown}
 r - a scroll of teleportation {unknown}
 s - 3 scrolls of poison {unknown}
 v - a scroll of magic mapping {unknown}
 x - a scroll of immolation {unknown}
 y - a scroll of enchant armour {unknown}
 B - a scroll of fear {unknown}
 C - a scroll of enchant weapon {unknown}
Potions
 d - a potion of might
 g - a potion of ambrosia {unknown}
 h - 2 potions of curing
 j - a potion of resistance {unknown}
 q - a potion of magic {unknown}
 u - 3 potions of mutation {unknown}
 z - a potion of flight {unknown}
 A - a potion of heal wounds {unknown}
 D - a potion of lignification {unknown}


   Skills:
 - Level 3.2 Fighting
 - Level 4.6 Polearms
 + Level 6.2 Ranged Weapons
 - Level 3.2 Armour
 - Level 4.0 Shields


You had 6 spell levels left.
You didn't know any spells.
Your spell library was empty.

Dungeon Overview and Level Annotations

Branches:
Dungeon (6/15)
 Temple: D:4-7

Altars:
Dithmenos
Ru

Shops:
D:1 !(   D:3 ([!?(


Innate Abilities, Weirdness & Mutations

You cannot be hasted, slowed, berserked, paralysed or teleported.
You can dig through walls and to a lower floor.
You have a pair of large antennae on your head. (SInv)
Your four strong arms can wield two-handed weapons with a shield.


Message History

The wight hits you with a +3 morningstar!
You feel drained.
You are too injured to fight recklessly!
You are too injured to fight recklessly!
You are too injured to fight recklessly!
You are too injured to fight recklessly!
You are too injured to fight recklessly!
You are too injured to fight recklessly!
Fire: b) +0 sling
Press: ? - help, Q - select action, (/) - cycle Shift-Dir - straight line, f/p - wight
Aim: a wight, wielding a +3 morningstar and wearing a +0 robe (59% to hit)
You shoot a sling bullet.
The sling bullet hits the wight but does no damage.
The wight hits you but does no damage. x2
Fire: b) +0 sling
Press: ? - help, Q - select action, (/) - cycle Shift-Dir - straight line, f/p - wight
Aim: a wight, wielding a +3 morningstar and wearing a +0 robe (59% to hit)
You shoot a sling bullet.
The sling bullet closely misses the wight.
The sling bullet hits the wight.
The wight is heavily damaged.
The wight barely misses you.
The wight hits you from afar with a +1 trident.
You feel drained.
Fire: b) +0 sling
Press: ? - help, Q - select action, (/) - cycle Shift-Dir - straight line, f/p - wight
Aim: a wight, wielding a +3 morningstar and wearing a +0 robe (59% to hit)
You shoot a sling bullet.
The sling bullet closely misses the wight.
The sling bullet hits the wight but does no damage.
The wight is heavily damaged.
The wight hits you with a +3 morningstar.
* * * LOW HITPOINT WARNING * * *
The wight barely misses you.
The wight hits you from afar with a +1 trident.
* * * LOW HITPOINT WARNING * * *
The wight hits you with a +3 morningstar!
* * * LOW HITPOINT WARNING * * *
You feel drained.
You die...

.#.###......####.........##.#...#
...# ####..## ##.......###.##.##
#### #.## ##.....## #...... #.###
##...## ####### #...# ##z## #
###.# #.####### # #.# #.......# #
#.# ######.......# # #.#
#.@zzz.......###### #.#
#.##z........[...†. #.#
#.###.........#####
#.###.###.........#
#.....)...........#
#####.###..######.# #.###..# #.#
#......######.#
#####.........#####


You could see 4 wights.

Vanquished Creatures
  Sigmund (D:6)
  5 hounds
  An orc priest (D:4)
  An iguana (D:4)
  6 gnolls
  5 adders
  An ufetubus (D:4)
  3 dart slugs
  2 worms
  4 orcs (D:4)
  6 ball pythons
  13 endoplasms
  A giant cockroach (D:4)
  15 goblins
  8 hobgoblins
  7 kobolds
  A quokka (D:1)
  8 bats
  2 frilled lizards (D:3)
  8 rats
98 creatures vanquished.

Notes
Turn   | Place    | Note
-------+----------+-------------------------------------------
     0 | D:1      | cdecastro the Formicid Fighter began the quest for the Orb.
     0 | D:1      | Reached XP level 1. HP: 18/18 MP: 1/1
   124 | D:1      | Reached XP level 2. HP: 19/24 MP: 2/2
   186 | D:1      | Found Hauphin's Distillery.
   196 | D:1      | Found Moeteaf's Antique Weapon Boutique.
   672 | D:1      | Found a faded altar of an unknown god.
   692 | D:1      | Reached XP level 3. HP: 11/29 MP: 3/3
  1465 | D:2      | Reached XP level 4. HP: 32/35 MP: 4/4
  2156 | D:3      | Found Panuq's Weapon Shoppe.
  2188 | D:3      | Found Wiygogasm's Distillery.
  2191 | D:3      | Found Oheifr Osta's Magic Scroll Emporium.
  2278 | D:3      | Reached XP level 5. HP: 40/41 MP: 5/5
  2568 | D:3      | Found Byin's Antique Weapon Shoppe.
  2584 | D:3      | Found Xumoffoa's Antique Armour Boutique.
  2712 | D:3      | Reached skill level 1 in Ranged Weapons
  2728 | D:3      | Reached skill level 2 in Ranged Weapons
  2728 | D:3      | You fall into a shaft and drop 3 floors!
  2921 | D:6      | Noticed Sigmund
  2947 | D:6      | Killed Sigmund
  2948 | D:6      | Reached skill level 4 in Ranged Weapons
  2948 | D:6      | Reached XP level 6. HP: 44/47 MP: 6/6
  2993 | D:5      | Entered Level 5 of the Dungeon
  3021 | D:5      | Reached XP level 7. HP: 43/52 MP: 7/7
  3033 | D:5      | Reached skill level 5 in Ranged Weapons
  3058 | D:5      | HP: 2/52 [poisoned by an adder]
  3302 | D:5      | Found a sacrificial altar of Ru.
  3588 | D:4      | Found a shadowy altar of Dithmenos.
  3841 | D:4      | Reached skill level 6 in Ranged Weapons
  4114 | D:4      | HP: 2/49 [wight/+3 morningstar (13)]
  4114 | D:4      | Slain by a wight

Illustrated notes

Levels and vault maps discovered:
D:1:      dpeg_arrival_subterranean_lakeside_camping, layout_loops_ring,
          serial_shops, nicolae_shop_temple_entry_statues_fountains,
          nicolae_shop_temple_entry_statues_fountains,
          chequers_ecumenical_altar_simple_redux
D:2:      layout_rooms, minmay_tromino_v7
D:3:      layout_loops_corners, serial_shops, nicolae_shop_trees,
          nicolae_shop_hallway_plus, shop, shop, shop,
          minmay_misc_feat_secret_circle
D:4:      kennysheep_goblin_castle, layout_loops_corners, grunt_dithmenos_smoke,
          serial_shops, shop, minmay_misc_feat_alley, uniq_pikel
D:5:      wander_river, layout_loops_cross, kennysheep_orc_sif_temple,
          mainiacjoe_overflow_small_starburst, nicolae_ru_sacrificial_ziggurat,
          temple_hall, nrook_campfire, uniq_crazy_yiuf_cottage
D:6:      layout_layer_cave, mainiacjoe_overflow_big_doors,
          hangedman_decor_lopped, uniq_sigmund

Skill      XL: |  1  2  3  4  5  6  7 |
---------------+----------------------+-----
Polearms       | 3 4 |  4.6
Ranged Weapons | 4 6 |  6.2
Fighting       | |  3.2
Armour         | |  3.2
Shields        | |  4.0

Action                   |  1- 3 |  4- 6 |  7- 9 || total
-------------------------+-------+-------+-------++-------
Melee: Trident           |   108 |   137 |    87 ||   332
       Punch             |       |     2 |     1 ||     3
 Fire: Sling             |       |       |    34 ||    34
  Use: Potion            |       |       |     1 ||     1
Armor: Scale mail        |    41 |    65 |    56 ||   162
Dodge: Dodged            |    38 |    52 |    57 ||   147
